Checkers vs Moose

Created - January 31, 2025 at 19:31

Goals
1 2 3 T
Checkers 3 1 0 4
Moose 3 3 4 10
Shots
1 2 3 T
Checkers 11 10 6 27
Moose 15 16 14 45

1st period

1. Moose , Nick Paul 20 (Mitchell Stephens 5, Logan O'Connor 12) at 0:36
2. Moose , Logan O'Connor 14 (Mitchell Stephens 6) at 3:03
3. Moose , Vinni Lettieri 16 (Eetu Luostarinen 17, Juuso Valimaki 30) at 17:13
4. Checkers , Timothy Liljegren 9 (Andrei Svechnikov 37, Patrick Brown 29) at 17:21
5. Checkers , Nick Abruzzese 11 (Austin Poganski 13, Grigori Denisenko 16) at 19:42
6. Checkers , Timothy Liljegren 10 (Dylan Gambrell 44) at 19:57

Penalties :
No Penalty

2nd period

7. Moose , Logan O'Connor 15 (Mitchell Stephens 7) at 1:49
8. Checkers , Michael Anderson 2 (Austin Poganski 14, Grigori Denisenko 17) at 4:22
9. Moose , Aliaksei Protas 3 (Juuso Valimaki 31) at 6:52
10. Moose , Jake Leschyshyn 17 (Nelson Nogier 2, Eetu Luostarinen 18) at 19:03 (PP)

Penalties :
Mitchell Heard (Cha) for Roughing (Minor) at 18:52

3rd period

11. Moose , Jaret Anderson-Dolan 2 (Josh Mahura 13) at 2:42
12. Moose , Riley Damiani 4 (Lukas Rousek 8, Juuso Valimaki 32) at 5:11
13. Moose , Jake Leschyshyn 18 (Eetu Luostarinen 19, Matthew Benning 25) at 5:48 (SH)
14. Moose , Aliaksei Protas 4 (Joey Keane 7, Jaret Anderson-Dolan 2) at 18:22

Penalties :
Grigori Denisenko (Cha) for Holding (Minor) at 0:27, Vinni Lettieri (Man) for Roughing (Minor) at 5:40, Lukas Rousek (Man) for Interference (Minor) at 8:48, Andrei Svechnikov (Cha) for Slashing (Minor) at 19:54

Goalie Stats

Joseph Woll (Cha), 25 saves from 32 shots - (0.781), L, 13-15-2, 42:42 minutes
Arvid Soderblom (Cha), 10 saves from 13 shots - (0.769), 17:18 minutes
Filip Gustavsson (Man), 23 saves from 27 shots - (0.852), W, 18-12-2, 60:00 minutes

Players Stats for Checkers

Player Name              G  A  P  +/- PIM S  H  SB GA TA FO     MP     PP MP  PK MP  
------------------------------------------------------------------------------------
Andrei Svechnikov        0  1  1   0  2   2  2  1  0  0  1/1    20:22   2:09   0:00 
Austin Poganski          0  2  2   1  0   2  2  0  0  1  0/0    15:52   1:49   0:14 
Dylan Gambrell           0  1  1   0  0   5  1  0  1  1  20/34  21:32   2:09   1:09 
Grigori Denisenko        0  2  2   1  2   2  2  0  0  0  2/4    15:47   1:49   0:00 
John Draeger             0  0  0  -2  0   1  1  3  0  0  0/0    24:43   1:32   1:41 
Jordan Harris            0  0  0   0  0   1  1  0  0  0  0/0    14:17   0:00   0:00 
Kale Clague              0  0  0  -3  0   0  0  0  0  1  0/0    21:00   2:26   0:34 
Kieffer Bellows          0  0  0  -5  0   1  1  0  1  0  0/0    11:15   0:00   0:00 
Matt Puempel             0  0  0  -5  0   1  1  0  0  0  0/0    12:02   0:00   0:47 
Michael Anderson         1  0  1   0  0   2  0  2  0  1  0/0    16:13   1:32   0:00 
Mitchell Heard           0  0  0  -5  2   0  6  0  0  0  2/5    12:27   0:00   1:03 
Nick Abruzzese           1  0  1   1  0   5  1  0  0  0  8/13   15:41   1:49   0:03 
Patrick Brown            0  1  1   0  0   1  1  0  1  0  1/2    21:47   2:09   1:14 
Roberts Lipsbergs        0  0  0  -1  0   1  0  1  0  1  0/0    10:19   0:00   0:00 
Shane Bowers             0  0  0  -1  0   1  0  0  2  0  1/2    10:19   0:00   0:00 
Timothy Liljegren        2  0  2  -3  0   2  3  1  0  3  0/0    25:13   2:26   1:41 
Tyce Thompson            0  0  0  -1  0   0  2  0  0  0  1/1    10:19   0:00   0:00 
Viktor Baldayev          0  0  0  -2  0   0  0  0  0  0  0/0    18:34   0:00   0:34 

Players Stats for Moose

Player Name              G  A  P  +/- PIM S  H  SB GA TA FO     MP     PP MP  PK MP  
------------------------------------------------------------------------------------
Adam Ginning             0  0  0   2  0   3  0  1  0  0  0/0    12:36   0:00   0:00 
Aliaksei Protas          2  0  2   3  0   4  1  0  0  0  0/0     9:49   0:07   0:00 
Axel Jonsson-Fjallby     0  0  0  -1  0   2  0  0  1  0  0/0    11:38   0:09   0:00 
Eetu Luostarinen         0  3  3   0  0   3  1  0  2  0  0/0    21:40   1:22   2:02 
Jake Leschyshyn          2  0  2   0  0   3  1  0  0  0  15/39  22:18   1:17   2:08 
Jaret Anderson-Dolan     1  1  2   3  0   5  2  0  0  1  2/4     9:45   0:00   0:03 
Joey Keane               0  1  1   2  0   1  0  0  1  1  0/0    12:36   0:00   0:00 
Josh Mahura              0  1  1   0  0   2  1  1  0  0  0/0    20:13   1:02   1:32 
Juuso Parssinen          0  0  0   3  0   1  1  0  0  0  0/0    10:32   0:00   0:22 
Juuso Valimaki           0  3  3   3  0   2  1  1  2  2  0/0    27:11   1:13   2:26 
Logan O'Connor           2  1  3   3  0   3  1  0  0  0  1/1    14:43   0:51   0:00 
Lukas Rousek             0  1  1  -1  2   2  1  0  1  0  0/0    11:19   0:00   0:00 
Matthew Benning          0  1  1   3  0   0  1  0  0  0  0/0    27:11   1:13   2:26 
Mitchell Stephens        0  3  3   3  0   2  0  0  0  0  6/12   15:04   0:51   0:21 
Nelson Nogier            0  1  1   0  0   2  0  0  0  1  0/0    20:13   1:02   1:32 
Nick Paul                1  0  1   3  0   5  2  2  0  0  0/0    16:17   0:51   1:34 
Riley Damiani            1  0  1  -1  0   1  4  0  0  0  2/5    12:46   0:00   1:26 
Vinni Lettieri           1  0  1  -1  2   4  0  1  1  0  0/1    20:09   1:17   0:00 

3 Stars

1 - Logan O'Connor (Man)
2 - Aliaksei Protas (Man)
3 - Jaret Anderson-Dolan (Man)

Power Play

Checkers - 0 on 2 Attempt(s) - 0.00%
Moose - 1 on 3 Attempt(s) - 33.33%

Penalty Kill

Checkers - 2 on 3 Attempt(s) - 66.67% - Score 0 goal in Penalty Kill
Moose - 2 on 2 Attempt(s) - 100.00% - Score 1 goal in Penalty Kill

Team Stat

Checkers - Hits : 24 - Faceoff Wins : 36 - Blocked Shots : 8 - Penalty Minutes : 6
Moose - Hits : 17 - Faceoff Wins : 26 - Blocked Shots : 6 - Penalty Minutes : 4

Official

Referees : Justin St. Pierre and Pierre Lambert
Linesman : Brian Mach and Shandor Alphonso

Game Notes

Arvid Soderblom enters game at 2:42 of 3rd period

Finance

Level 1 -- Attendance: 1840 (92.00%) -- Ticket Income $128,800
Level 2 -- Attendance: 885 (88.50%) -- Ticket Income $35,400
Total Attendance: 2725 (90.83%)
Total Ticket Income: $164,200
Other Income: $8,210
Total Income: $172,410

Checkers

5 vs 5 Forward 
   Center                   Left Wing                Right Wing               Time % Phy DF OF 
 1 Dylan Gambrell           Andrei Svechnikov        Patrick Brown            40     0   2  3  
 2 Nick Abruzzese           Grigori Denisenko        Austin Poganski          30     0   2  3  
 3 Mitchell Heard           Matt Puempel             Kieffer Bellows          20     0   2  3  
 4 Shane Bowers             Roberts Lipsbergs        Tyce Thompson            10     0   2  3  

5 vs 5 Defense 
   Defense                  Defense                                           Time % Phy DF OF 
 1 Timothy Liljegren        John Draeger                                      40     0   2  3  
 2 Kale Clague              Viktor Baldayev                                   30     0   2  3  
 3 Michael Anderson         Jordan Harris                                     20     0   2  3  
 4 Timothy Liljegren        John Draeger                                      10     0   2  3  

PowerPlay Forward 
   Center                   Left Wing                Right Wing               Time % Phy DF OF 
 1 Dylan Gambrell           Andrei Svechnikov        Patrick Brown            60     0   1  4  
 2 Nick Abruzzese           Grigori Denisenko        Austin Poganski          40     0   1  4  

PowerPlay Defense
   Defense                  Defense                                           Time % Phy DF OF 
 1 Timothy Liljegren        Kale Clague                                       60     0   2  3  
 2 John Draeger             Michael Anderson                                  40     0   2  3  

Penalty Kill 4 Players Forward 
   Center                   Wing                     Time % Phy DF OF 
 1 Mitchell Heard           Patrick Brown            60     0   3  2  
 2 Dylan Gambrell           Austin Poganski          40     0   3  2  

Penalty Kill 4 Players Defense
   Defense                  Defense                  Time % Phy DF OF 
 1 Timothy Liljegren        John Draeger             60     0   4  1  
 2 Kale Clague              Viktor Baldayev          40     0   4  1  

Penalty Kill - 3 Players Forward 
   Forward                                           Time % Phy DF OF 
 1 Patrick Brown                                     60     0   3  2  
 2 Mitchell Heard                                    40     0   3  2  

Penalty Kill - 3 Players Defense
   Defense                  Defense                  Time % Phy DF OF 
 1 Timothy Liljegren        John Draeger             60     0   4  1  
 2 Kale Clague              Viktor Baldayev          40     0   4  1  

4 vs 4 Forward 
   Center                   Wing                     Time % Phy DF OF 
 1 Dylan Gambrell           Andrei Svechnikov        60     0   2  3  
 2 Nick Abruzzese           Patrick Brown            40     0   2  3  

4 vs 4 Defense
   Defense                  Defense                  Time % Phy DF OF 
 1 Timothy Liljegren        John Draeger             60     0   2  3  
 2 Kale Clague              Viktor Baldayev          40     0   2  3  

Last Minutes Offensive
   Center                   Left Wing                Right Wing               Defense                  Defense                  
   Dylan Gambrell           Andrei Svechnikov        Patrick Brown            Timothy Liljegren        John Draeger             

Last Minutes Defensive
   Center                   Left Wing                Right Wing               Defense                  Defense                  
   Mitchell Heard           Roberts Lipsbergs        Patrick Brown            John Draeger             Viktor Baldayev          

Goaltenders
Starting : Joseph Woll              
Backup : Arvid Soderblom          

Extra Forwards
Normal : Nick Abruzzese, Andrei Svechnikov, Dylan Gambrell - PP : Grigori Denisenko, Andrei Svechnikov - PK : Patrick Brown
Extra Defensemen
Normal : Kale Clague, Timothy Liljegren, John Draeger - PP : Michael Anderson - PK : Viktor Baldayev, John Draeger
Penalty Shots
Andrei Svechnikov, Patrick Brown, Roberts Lipsbergs, Nick Abruzzese, Shane Bowers
Custom OT Lines Forwards
Dylan Gambrell, Andrei Svechnikov, Patrick Brown, Grigori Denisenko, Kieffer Bellows, Nick Abruzzese, Mitchell Heard, Matt Puempel, Roberts Lipsbergs, Shane Bowers
Custom OT Lines Defensemen
Timothy Liljegren, Kale Clague, John Draeger, Viktor Baldayev, Michael Anderson

Scratches
Brett Pollock (Healthy), Jared McIsaac (Healthy), Mikhail Abramov (Healthy), Mattias Norlinder (Healthy), Nathan Legare (Healthy)
Kirill Ustimenko (Healthy)

Moose

5 vs 5 Forward 
   Center                   Left Wing                Right Wing               Time % Phy DF OF 
 1 Jake Leschyshyn          Eetu Luostarinen         Vinni Lettieri           40     1   2  2  
 2 Mitchell Stephens        Nick Paul                Logan O'Connor           30     1   2  2  
 3 Riley Damiani            Axel Jonsson-Fjallby     Lukas Rousek             20     1   2  2  
 4 Jaret Anderson-Dolan     Juuso Parssinen          Aliaksei Protas          10     1   2  2  

5 vs 5 Defense 
   Defense                  Defense                                           Time % Phy DF OF 
 1 Matthew Benning          Juuso Valimaki                                    40     1   2  2  
 2 Nelson Nogier            Josh Mahura                                       30     1   2  2  
 3 Joey Keane               Adam Ginning                                      20     1   2  2  
 4 Matthew Benning          Juuso Valimaki                                    10     1   2  2  

PowerPlay Forward 
   Center                   Left Wing                Right Wing               Time % Phy DF OF 
 1 Jake Leschyshyn          Eetu Luostarinen         Vinni Lettieri           60     1   2  2  
 2 Mitchell Stephens        Nick Paul                Logan O'Connor           40     1   2  2  

PowerPlay Defense
   Defense                  Defense                                           Time % Phy DF OF 
 1 Matthew Benning          Juuso Valimaki                                    60     1   2  2  
 2 Nelson Nogier            Josh Mahura                                       40     1   2  2  

Penalty Kill 4 Players Forward 
   Center                   Wing                     Time % Phy DF OF 
 1 Jake Leschyshyn          Eetu Luostarinen         60     1   2  2  
 2 Mitchell Stephens        Nick Paul                40     1   2  2  

Penalty Kill 4 Players Defense
   Defense                  Defense                  Time % Phy DF OF 
 1 Matthew Benning          Juuso Valimaki           60     1   2  2  
 2 Nelson Nogier            Josh Mahura              40     1   2  2  

Penalty Kill - 3 Players Forward 
   Forward                                           Time % Phy DF OF 
 1 Jake Leschyshyn                                   60     1   2  2  
 2 Mitchell Stephens                                 40     1   2  2  

Penalty Kill - 3 Players Defense
   Defense                  Defense                  Time % Phy DF OF 
 1 Matthew Benning          Juuso Valimaki           60     1   2  2  
 2 Nelson Nogier            Josh Mahura              40     1   2  2  

4 vs 4 Forward 
   Center                   Wing                     Time % Phy DF OF 
 1 Jake Leschyshyn          Eetu Luostarinen         60     1   2  2  
 2 Mitchell Stephens        Nick Paul                40     1   2  2  

4 vs 4 Defense
   Defense                  Defense                  Time % Phy DF OF 
 1 Matthew Benning          Juuso Valimaki           60     1   2  2  
 2 Nelson Nogier            Josh Mahura              40     1   2  2  

Last Minutes Offensive
   Center                   Left Wing                Right Wing               Defense                  Defense                  
   Jake Leschyshyn          Eetu Luostarinen         Vinni Lettieri           Matthew Benning          Juuso Valimaki           

Last Minutes Defensive
   Center                   Left Wing                Right Wing               Defense                  Defense                  
   Jake Leschyshyn          Eetu Luostarinen         Vinni Lettieri           Matthew Benning          Juuso Valimaki           

Goaltenders
Starting : Filip Gustavsson         
Backup : Daniel Vladar            

Extra Forwards
Normal : Jake Leschyshyn, Axel Jonsson-Fjallby, Mitchell Stephens - PP : Jake Leschyshyn, Axel Jonsson-Fjallby - PK : Jake Leschyshyn
Extra Defensemen
Normal : Josh Mahura, Joey Keane, Adam Ginning - PP : Josh Mahura - PK : Josh Mahura, Joey Keane
Penalty Shots
Eetu Luostarinen, Nick Paul, Vinni Lettieri, Logan O'Connor, Jake Leschyshyn
Custom OT Lines Forwards
Eetu Luostarinen, Nick Paul, Vinni Lettieri, Logan O'Connor, Jake Leschyshyn, Axel Jonsson-Fjallby, Mitchell Stephens, Lukas Rousek, Aliaksei Protas, Riley Damiani
Custom OT Lines Defensemen
Matthew Benning, Juuso Valimaki, Nelson Nogier, Josh Mahura, Joey Keane

Scratches
Anders Bjork (Healthy), Caleb Jones (Broken Bone (Right Leg) Injury), Alexander Khovanov (Healthy), Kristian Vesalainen (Healthy), Boris Katchouk (Right Hand Injury)
Jonny Tychonick (Healthy), Max Jones (Healthy), Nathan Bastian (Healthy), William Bitten (Healthy), Jonatan Berggren (Healthy)
Olle Eriksson Ek (Healthy), Karel Vejmelka (Healthy)

% Time on Ice - Checkers

Lines # - Real PCT - Wanted PCT - Time Play
Normal Forward
1 - 34% - 40% - 18:24
2 - 26% - 30% - 13:49
3 - 21% - 20% - 11:15
4 - 19% - 10% - 10:19
Normal Defense
1 - 35% - 40% - 18:57
2 - 35% - 30% - 19:05
3 - 25% - 20% - 13:36
4 - 4% - 10% - 2:09
PP Forward
1 - 54% - 60% - 2:09
2 - 46% - 40% - 1:49
PP Defense
1 - 61% - 60% - 2:26
2 - 39% - 40% - 1:32
PK Forward
1 - 90% - 60% - 2:01
2 - 10% - 40% - 0:14
PK Defense
1 - 75% - 60% - 1:41
2 - 25% - 40% - 0:34
PK3 Forward
1 - 0% - 60%
2 - 0% - 40%
PK3 Defense
1 - 0% - 60%
2 - 0% - 40%
44 Forward
1 - 0% - 60%
2 - 0% - 40%
44 Defense
1 - 0% - 60%
2 - 0% - 40%
Last Minute Offensive  - 0:00
Last Minute Defensive  - 0:00
Total
Forward - 60:00
Defense - 60:00

% Time on Ice - Moose

Lines # - Real PCT - Wanted PCT - Time Play
Normal Forward
1 - 35% - 40% - 18:53
2 - 26% - 30% - 13:52
3 - 21% - 20% - 11:20
4 - 18% - 10% - 9:42
Normal Defense
1 - 38% - 40% - 20:36
2 - 33% - 30% - 17:39
3 - 23% - 20% - 12:36
4 - 5% - 10% - 2:56
PP Forward
1 - 62% - 60% - 1:24
2 - 38% - 40% - 0:51
PP Defense
1 - 54% - 60% - 1:13
2 - 46% - 40% - 1:02
PK Forward
1 - 91% - 60% - 3:37
2 - 9% - 40% - 0:21
PK Defense
1 - 61% - 60% - 2:26
2 - 39% - 40% - 1:32
PK3 Forward
1 - 0% - 60%
2 - 0% - 40%
PK3 Defense
1 - 0% - 60%
2 - 0% - 40%
44 Forward
1 - 0% - 60%
2 - 0% - 40%
44 Defense
1 - 0% - 60%
2 - 0% - 40%
Last Minute Offensive  - 0:00
Last Minute Defensive  - 0:00
Total
Forward - 60:00
Defense - 60:00

Play-by-Play

1st period


0:01 of 1st period - Andrei Svechnikov wins face-off versus Jake Leschyshyn in neutral zone.
0:27 of 1st period - Grigori Denisenko is hit by Matthew Benning and loses puck.
0:34 of 1st period - Wrist shot by Logan O'Connor.
0:34 of 1st period - Shot Misses the Net.
0:36 of 1st period - Wrist shot by Mitchell Stephens.
0:36 of 1st period - Deflect By Nick Paul.
0:36 of 1st period - Goal by Nick Paul - Checkers : 0 - Moose : 1.
0:37 of 1st period - Riley Damiani wins face-off versus Mitchell Heard in neutral zone.
0:56 of 1st period - Viktor Baldayev is hit by Riley Damiani and loses puck.
1:23 of 1st period - Slapshot by Mitchell Heard.
1:23 of 1st period - Shot Misses the Net.
1:55 of 1st period - Michael Anderson is hit by Jaret Anderson-Dolan and loses puck.
2:00 of 1st period - Snap shot by Juuso Valimaki.
2:00 of 1st period - Deflect By Jaret Anderson-Dolan.
2:00 of 1st period - Stopped by Joseph Woll without a rebound.
2:01 of 1st period - Shane Bowers wins face-off versus Jake Leschyshyn in Checkers zone.
2:06 of 1st period - Snap shot by Eetu Luostarinen.
2:06 of 1st period - Shot Misses the Net.
2:08 of 1st period - Snap shot by Jake Leschyshyn.
2:08 of 1st period - Shot Misses the Net.
2:10 of 1st period - Slapshot by Matthew Benning.
2:10 of 1st period - Deflect By Jake Leschyshyn.
2:10 of 1st period - Shot Blocked by Roberts Lipsbergs.
2:10 of 1st period - Puck is out of play.
2:11 of 1st period - Tyce Thompson wins face-off versus Jake Leschyshyn in Checkers zone.
2:16 of 1st period - Eetu Luostarinen is hit by Jordan Harris and loses puck.
3:01 of 1st period - Snap shot by Eetu Luostarinen.
3:01 of 1st period - Stopped by Joseph Woll without a rebound.
3:02 of 1st period - Mitchell Stephens wins face-off versus Dylan Gambrell in Checkers zone.
3:03 of 1st period - Wrist shot by Logan O'Connor.
3:03 of 1st period - Goal by Logan O'Connor - Checkers : 0 - Moose : 2.
3:04 of 1st period - Mitchell Stephens wins face-off versus Dylan Gambrell in neutral zone.
3:19 of 1st period - Matthew Benning is hit by Patrick Brown and loses puck.
4:29 of 1st period - Wrist shot by Dylan Gambrell.
4:29 of 1st period - Stopped by Filip Gustavsson with a rebound.
4:57 of 1st period - Wrist shot by Mitchell Stephens.
4:57 of 1st period - Stopped by Joseph Woll with a rebound.
4:59 of 1st period - Slapshot by Joey Keane.
4:59 of 1st period - Stopped by Joseph Woll without a rebound.
5:00 of 1st period - Nick Abruzzese wins face-off versus Mitchell Stephens in Checkers zone.
5:12 of 1st period - Grigori Denisenko is hit by Logan O'Connor and loses puck.
5:25 of 1st period - Michael Anderson is hit by Riley Damiani and loses puck.
5:34 of 1st period - Slapshot by Andrei Svechnikov.
5:34 of 1st period - Shot Misses the Net.
6:39 of 1st period - Wrist shot by Austin Poganski.
6:39 of 1st period - Shot Blocked by Nick Paul.
6:43 of 1st period - Wrist shot by Nick Abruzzese.
6:43 of 1st period - Shot Hit the Post.
7:58 of 1st period - Mitchell Stephens is hit by Grigori Denisenko and loses puck.
8:07 of 1st period - Austin Poganski is hit by Nick Paul and loses puck.
9:17 of 1st period - Wrist shot by Nick Paul.
9:17 of 1st period - Stopped by Joseph Woll without a rebound.
9:18 of 1st period - Mitchell Stephens wins face-off versus Shane Bowers in Checkers zone.
10:11 of 1st period - Snap shot by Shane Bowers.
10:11 of 1st period - Shot Blocked by Nick Paul.
10:31 of 1st period - Nick Paul is hit by Tyce Thompson and loses puck.
11:38 of 1st period - Snap shot by Shane Bowers.
11:38 of 1st period - Shot Misses the Net.
11:48 of 1st period - Logan O'Connor is hit by Tyce Thompson and loses puck.
12:13 of 1st period - Wrist shot by Logan O'Connor.
12:13 of 1st period - Deflect By Mitchell Stephens.
12:13 of 1st period - Stopped by Joseph Woll with a rebound.
12:15 of 1st period - Slapshot by Adam Ginning.
12:15 of 1st period - Deflect By Nick Paul.
12:15 of 1st period - Stopped by Joseph Woll without a rebound.
12:16 of 1st period - Jake Leschyshyn wins face-off versus Dylan Gambrell in Checkers zone.
12:25 of 1st period - Wrist shot by Jake Leschyshyn.
12:25 of 1st period - Shot Misses the Net.
12:41 of 1st period - Nick Abruzzese is hit by Riley Damiani and loses puck.
12:50 of 1st period - Josh Mahura is hit by Grigori Denisenko.
13:34 of 1st period - Snap shot by Nick Abruzzese.
13:34 of 1st period - Shot Misses the Net.
13:36 of 1st period - Snap shot by Austin Poganski.
13:36 of 1st period - Deflect By Nick Abruzzese.
13:36 of 1st period - Stopped by Filip Gustavsson without a rebound.
13:37 of 1st period - Jaret Anderson-Dolan wins face-off versus Grigori Denisenko in Moose zone.
13:51 of 1st period - Backhand shot by Nick Abruzzese.
13:51 of 1st period - Stopped by Filip Gustavsson without a rebound.
13:52 of 1st period - Jake Leschyshyn wins face-off versus Dylan Gambrell in Moose zone.
14:07 of 1st period - Slapshot by Andrei Svechnikov.
14:07 of 1st period - Shot Blocked by Vinni Lettieri.
14:24 of 1st period - Wrist shot by Grigori Denisenko.
14:24 of 1st period - Stopped by Filip Gustavsson without a rebound.
14:25 of 1st period - Jake Leschyshyn wins face-off versus Dylan Gambrell in Moose zone.
14:32 of 1st period - Snap shot by Vinni Lettieri.
14:32 of 1st period - Shot Misses the Net.
14:34 of 1st period - Slapshot by Josh Mahura.
14:34 of 1st period - Shot Blocked by Michael Anderson.
14:36 of 1st period - Backhand shot by Vinni Lettieri.
14:36 of 1st period - Stopped by Joseph Woll without a rebound.
14:37 of 1st period - Dylan Gambrell wins face-off versus Jake Leschyshyn in Checkers zone.
14:48 of 1st period - Wrist shot by Dylan Gambrell.
14:48 of 1st period - Shot Blocked by Juuso Valimaki.
14:50 of 1st period - Snap shot by John Draeger.
14:50 of 1st period - Shot Misses the Net.
14:52 of 1st period - Slapshot by John Draeger.
14:52 of 1st period - Stopped by Filip Gustavsson with a rebound.
14:59 of 1st period - Icing by Matthew Benning.
15:00 of 1st period - Nick Abruzzese wins face-off versus Jake Leschyshyn in Moose zone.
15:03 of 1st period - Snap shot by Austin Poganski.
15:03 of 1st period - Stopped by Filip Gustavsson with a rebound.
15:23 of 1st period - Wrist shot by Eetu Luostarinen.
15:23 of 1st period - Stopped by Joseph Woll without a rebound.
15:24 of 1st period - Dylan Gambrell wins face-off versus Riley Damiani in Checkers zone.
15:41 of 1st period - Andrei Svechnikov is hit by Lukas Rousek and loses puck.
16:04 of 1st period - Snap shot by Mitchell Heard.
16:04 of 1st period - Deflect By Kieffer Bellows.
16:04 of 1st period - Shot Misses the Net.
16:04 of 1st period - Puck is out of play.
16:05 of 1st period - Nick Abruzzese wins face-off versus Jake Leschyshyn in Moose zone.
16:08 of 1st period - Snap shot by Nick Abruzzese.
16:08 of 1st period - Shot Misses the Net.
16:18 of 1st period - Wrist shot by Jake Leschyshyn.
16:18 of 1st period - Shot Misses the Net.
16:20 of 1st period - Snap shot by Eetu Luostarinen.
16:20 of 1st period - Shot Blocked by John Draeger.
16:22 of 1st period - Wrist shot by Eetu Luostarinen.
16:22 of 1st period - Shot Blocked by Timothy Liljegren.
16:55 of 1st period - Snap shot by Kieffer Bellows.
16:55 of 1st period - Stopped by Filip Gustavsson without a rebound.
16:56 of 1st period - Mitchell Heard wins face-off versus Jake Leschyshyn in Moose zone.
17:03 of 1st period - Snap shot by Mitchell Heard.
17:03 of 1st period - Shot Misses the Net.
17:11 of 1st period - Wrist shot by Vinni Lettieri.
17:11 of 1st period - Shot Misses the Net.
17:13 of 1st period - Wrist shot by Vinni Lettieri.
17:13 of 1st period - Goal by Vinni Lettieri - Checkers : 0 - Moose : 3.
17:14 of 1st period - Dylan Gambrell wins face-off versus Jake Leschyshyn in neutral zone.
17:21 of 1st period - Slapshot by Timothy Liljegren.
17:21 of 1st period - Deflect By Eetu Luostarinen.
17:21 of 1st period - Goal by Timothy Liljegren - Checkers : 1 - Moose : 3.
17:22 of 1st period - Dylan Gambrell wins face-off versus Jake Leschyshyn in neutral zone.
17:49 of 1st period - Andrei Svechnikov is hit by Juuso Valimaki and loses puck.
18:19 of 1st period - Snap shot by Aliaksei Protas.
18:19 of 1st period - Deflect By Juuso Parssinen.
18:19 of 1st period - Stopped by Joseph Woll with a rebound.
18:21 of 1st period - Slapshot by Joey Keane.
18:21 of 1st period - Shot Blocked by John Draeger.
18:23 of 1st period - Slapshot by Adam Ginning.
18:23 of 1st period - Stopped by Joseph Woll with a rebound.
18:33 of 1st period - Snap shot by Lukas Rousek.
18:33 of 1st period - Shot Blocked by John Draeger.
18:57 of 1st period - Wrist shot by Vinni Lettieri.
18:57 of 1st period - Stopped by Joseph Woll with a rebound.
19:24 of 1st period - Backhand shot by Shane Bowers.
19:24 of 1st period - Shot Misses the Net.
19:26 of 1st period - Slapshot by Jordan Harris.
19:26 of 1st period - Stopped by Filip Gustavsson without a rebound.
19:27 of 1st period - Nick Abruzzese wins face-off versus Riley Damiani in Moose zone.
19:38 of 1st period - Snap shot by Austin Poganski.
19:38 of 1st period - Shot Misses the Net.
19:42 of 1st period - Snap shot by Nick Abruzzese.
19:42 of 1st period - Goal by Nick Abruzzese - Checkers : 2 - Moose : 3.
19:43 of 1st period - Jake Leschyshyn wins face-off versus Patrick Brown in neutral zone.
19:46 of 1st period - Dylan Gambrell is hit by Jake Leschyshyn and loses puck.
19:57 of 1st period - Snap shot by Timothy Liljegren.
19:57 of 1st period - Goal by Timothy Liljegren - Checkers : 3 - Moose : 3.
19:58 of 1st period - Dylan Gambrell wins face-off versus Jake Leschyshyn in neutral zone.
Goals for this period are 3 for Checkers vs 3 for Moose.
Shots for this period are 11 for Checkers vs 15 for Moose.

2nd period


0:01 of 2nd period - Dylan Gambrell wins face-off versus Jake Leschyshyn in neutral zone.
0:12 of 2nd period - Snap shot by Dylan Gambrell.
0:12 of 2nd period - Stopped by Filip Gustavsson with a rebound.
0:14 of 2nd period - Wrist shot by Patrick Brown.
0:14 of 2nd period - Shot Misses the Net.
0:26 of 2nd period - Eetu Luostarinen is hit by Timothy Liljegren.
1:47 of 2nd period - Slapshot by Logan O'Connor.
1:47 of 2nd period - Stopped by Joseph Woll without a rebound.
1:48 of 2nd period - Mitchell Stephens wins face-off versus Mitchell Heard in Checkers zone.
1:49 of 2nd period - Snap shot by Logan O'Connor.
1:49 of 2nd period - Goal by Logan O'Connor - Checkers : 3 - Moose : 4.
1:50 of 2nd period - Jake Leschyshyn wins face-off versus Nick Abruzzese in neutral zone.
2:22 of 2nd period - Matthew Benning is hit by Dylan Gambrell.
2:43 of 2nd period - Wrist shot by Mitchell Heard.
2:43 of 2nd period - Shot Misses the Net.
3:02 of 2nd period - Backhand shot by Shane Bowers.
3:02 of 2nd period - Stopped by Filip Gustavsson with a rebound.
4:18 of 2nd period - Wrist shot by Grigori Denisenko.
4:18 of 2nd period - Shot Misses the Net.
4:20 of 2nd period - Slapshot by Austin Poganski.
4:20 of 2nd period - Stopped by Filip Gustavsson with a rebound.
4:22 of 2nd period - Slapshot by Michael Anderson.
4:22 of 2nd period - Goal by Michael Anderson - Checkers : 4 - Moose : 4.
4:23 of 2nd period - Jake Leschyshyn wins face-off versus Dylan Gambrell in neutral zone.
4:34 of 2nd period - Slapshot by Juuso Valimaki.
4:34 of 2nd period - Deflect By Patrick Brown.
4:34 of 2nd period - Stopped by Joseph Woll with a rebound.
4:36 of 2nd period - Wrist shot by Vinni Lettieri.
4:36 of 2nd period - Stopped by Joseph Woll without a rebound.
4:37 of 2nd period - Jake Leschyshyn wins face-off versus Dylan Gambrell in Checkers zone.
4:48 of 2nd period - Slapshot by Andrei Svechnikov.
4:48 of 2nd period - Shot Misses the Net.
4:50 of 2nd period - Wrist shot by Andrei Svechnikov.
4:50 of 2nd period - Stopped by Filip Gustavsson without a rebound.
4:51 of 2nd period - Nick Abruzzese wins face-off versus Jake Leschyshyn in Moose zone.
4:52 of 2nd period - Snap shot by Grigori Denisenko.
4:52 of 2nd period - Shot Misses the Net.
5:39 of 2nd period - Nelson Nogier is hit by Mitchell Heard and loses puck.
5:44 of 2nd period - Wrist shot by Matt Puempel.
5:44 of 2nd period - Shot Misses the Net.
5:46 of 2nd period - Wrist shot by Mitchell Heard.
5:46 of 2nd period - Shot Misses the Net.
5:50 of 2nd period - Wrist shot by Matt Puempel.
5:50 of 2nd period - Stopped by Filip Gustavsson without a rebound.
5:51 of 2nd period - Jake Leschyshyn wins face-off versus Nick Abruzzese in Moose zone.
6:50 of 2nd period - Slapshot by Juuso Valimaki.
6:50 of 2nd period - Stopped by Joseph Woll with a rebound.
6:52 of 2nd period - Snap shot by Juuso Valimaki.
6:52 of 2nd period - Deflect By Aliaksei Protas.
6:52 of 2nd period - Goal by Aliaksei Protas - Checkers : 4 - Moose : 5.
6:53 of 2nd period - Jake Leschyshyn wins face-off versus Dylan Gambrell in neutral zone.
7:29 of 2nd period - Snap shot by Nick Paul.
7:29 of 2nd period - Stopped by Joseph Woll without a rebound.
7:30 of 2nd period - Riley Damiani wins face-off versus Nick Abruzzese in Checkers zone.
7:41 of 2nd period - Snap shot by Lukas Rousek.
7:41 of 2nd period - Stopped by Joseph Woll with a rebound.
7:45 of 2nd period - Slapshot by Axel Jonsson-Fjallby.
7:45 of 2nd period - Stopped by Joseph Woll with a rebound.
8:47 of 2nd period - Snap shot by Juuso Valimaki.
8:47 of 2nd period - Shot Misses the Net.
10:32 of 2nd period - Off-side.
10:33 of 2nd period - Mitchell Stephens wins face-off versus Dylan Gambrell in neutral zone.
11:00 of 2nd period - Wrist shot by Nick Abruzzese.
11:00 of 2nd period - Shot Misses the Net.
11:08 of 2nd period - Wrist shot by Nick Abruzzese.
11:08 of 2nd period - Shot Misses the Net.
11:24 of 2nd period - Wrist shot by Jaret Anderson-Dolan.
11:24 of 2nd period - Stopped by Joseph Woll without a rebound.
11:25 of 2nd period - Dylan Gambrell wins face-off versus Jaret Anderson-Dolan in Checkers zone.
11:48 of 2nd period - Viktor Baldayev is hit by Aliaksei Protas and loses puck.
12:27 of 2nd period - Snap shot by Josh Mahura.
12:27 of 2nd period - Shot Blocked by Andrei Svechnikov.
12:29 of 2nd period - Snap shot by Aliaksei Protas.
12:29 of 2nd period - Stopped by Joseph Woll with a rebound.
12:35 of 2nd period - Slapshot by Jaret Anderson-Dolan.
12:35 of 2nd period - Shot Blocked by Michael Anderson.
12:37 of 2nd period - Wrist shot by Aliaksei Protas.
12:37 of 2nd period - Stopped by Joseph Woll with a rebound.
12:39 of 2nd period - Slapshot by Nelson Nogier.
12:39 of 2nd period - Stopped by Joseph Woll with a rebound.
12:49 of 2nd period - Slapshot by Jaret Anderson-Dolan.
12:49 of 2nd period - Stopped by Joseph Woll without a rebound.
12:50 of 2nd period - Jake Leschyshyn wins face-off versus Nick Abruzzese in Checkers zone.
12:51 of 2nd period - Snap shot by Eetu Luostarinen.
12:51 of 2nd period - Stopped by Joseph Woll without a rebound.
12:52 of 2nd period - Nick Abruzzese wins face-off versus Vinni Lettieri in Checkers zone.
15:38 of 2nd period - Icing by Patrick Brown.
15:39 of 2nd period - Dylan Gambrell wins face-off versus Jaret Anderson-Dolan in Checkers zone.
15:56 of 2nd period - Snap shot by Dylan Gambrell.
15:56 of 2nd period - Shot Blocked by Adam Ginning.
15:58 of 2nd period - Backhand shot by Timothy Liljegren.
15:58 of 2nd period - Shot Misses the Net.
16:00 of 2nd period - Snap shot by Patrick Brown.
16:00 of 2nd period - Stopped by Filip Gustavsson without a rebound.
16:01 of 2nd period - Grigori Denisenko wins face-off versus Jake Leschyshyn in Moose zone.
16:04 of 2nd period - Snap shot by Nick Abruzzese.
16:04 of 2nd period - Stopped by Filip Gustavsson with a rebound.
16:10 of 2nd period - Nick Abruzzese is hit by Eetu Luostarinen.
16:45 of 2nd period - Lukas Rousek is hit by Andrei Svechnikov.
16:55 of 2nd period - Juuso Valimaki is hit by Timothy Liljegren and loses puck.
17:44 of 2nd period - Josh Mahura is hit by Austin Poganski and loses puck.
18:52 of 2nd period - Minor Penalty to Mitchell Heard for Roughing.
18:53 of 2nd period - Dylan Gambrell wins face-off versus Jake Leschyshyn in Checkers zone.
19:03 of 2nd period - Slapshot by Nelson Nogier.
19:03 of 2nd period - Deflect By Jake Leschyshyn.
19:03 of 2nd period - Goal by Jake Leschyshyn - Checkers : 4 - Moose : 6.
19:04 of 2nd period - Dylan Gambrell wins face-off versus Jake Leschyshyn in neutral zone.
19:17 of 2nd period - Snap shot by Dylan Gambrell.
19:17 of 2nd period - Stopped by Filip Gustavsson with a rebound.
19:38 of 2nd period - Wrist shot by Nick Abruzzese.
19:38 of 2nd period - Stopped by Filip Gustavsson without a rebound.
19:39 of 2nd period - Dylan Gambrell wins face-off versus Jake Leschyshyn in Moose zone.
19:54 of 2nd period - Wrist shot by Jake Leschyshyn.
19:54 of 2nd period - Deflect By Dylan Gambrell.
19:54 of 2nd period - Shot Misses the Net.
19:54 of 2nd period - Puck is out of play.
19:55 of 2nd period - Logan O'Connor wins face-off versus Nick Abruzzese in Checkers zone.
Goals for this period are 1 for Checkers vs 3 for Moose.
Shots for this period are 10 for Checkers vs 16 for Moose.

3rd period


0:01 of 3rd period - Dylan Gambrell wins face-off versus Jake Leschyshyn in neutral zone.
0:22 of 3rd period - Icing by Matthew Benning.
0:23 of 3rd period - Grigori Denisenko wins face-off versus Mitchell Stephens in Moose zone.
0:27 of 3rd period - Minor Penalty to Grigori Denisenko for Holding.
0:28 of 3rd period - Mitchell Heard wins face-off versus Jake Leschyshyn in Checkers zone.
0:39 of 3rd period - Wrist shot by Eetu Luostarinen.
0:39 of 3rd period - Shot Misses the Net.
2:27 of 3rd period - Penalty to Grigori Denisenko is over, Grigori Denisenko is back on ice.
2:42 of 3rd period - Backhand shot by Jaret Anderson-Dolan.
2:42 of 3rd period - Goal by Jaret Anderson-Dolan - Checkers : 4 - Moose : 7.
2:42 of 3rd period - Arvid Soderblom enters game.
2:43 of 3rd period - Nick Abruzzese wins face-off versus Mitchell Stephens in neutral zone.
3:08 of 3rd period - Riley Damiani is hit by Matt Puempel and loses puck.
4:10 of 3rd period - Snap shot by Logan O'Connor.
4:10 of 3rd period - Shot Misses the Net.
4:12 of 3rd period - Slapshot by Adam Ginning.
4:12 of 3rd period - Deflect By Jordan Harris.
4:12 of 3rd period - Stopped by Arvid Soderblom with a rebound.
4:14 of 3rd period - Slapshot by Adam Ginning.
4:14 of 3rd period - Deflect By Michael Anderson.
4:14 of 3rd period - Stopped by Arvid Soderblom without a rebound.
4:15 of 3rd period - Mitchell Stephens wins face-off versus Dylan Gambrell in Checkers zone.
4:40 of 3rd period - Eetu Luostarinen is hit by John Draeger and loses puck.
5:07 of 3rd period - Snap shot by Lukas Rousek.
5:07 of 3rd period - Shot Misses the Net.
5:09 of 3rd period - Snap shot by Lukas Rousek.
5:09 of 3rd period - Stopped by Arvid Soderblom with a rebound.
5:11 of 3rd period - Snap shot by Riley Damiani.
5:11 of 3rd period - Goal by Riley Damiani - Checkers : 4 - Moose : 8.
5:12 of 3rd period - Dylan Gambrell wins face-off versus Jake Leschyshyn in neutral zone.
5:15 of 3rd period - Snap shot by Andrei Svechnikov.
5:15 of 3rd period - Deflect By Juuso Valimaki.
5:15 of 3rd period - Stopped by Filip Gustavsson with a rebound.
5:18 of 3rd period - Icing by Matthew Benning.
5:19 of 3rd period - Dylan Gambrell wins face-off versus Jake Leschyshyn in Moose zone.
5:40 of 3rd period - Minor Penalty to Vinni Lettieri for Roughing.
5:41 of 3rd period - Jake Leschyshyn wins face-off versus Dylan Gambrell in Moose zone.
5:48 of 3rd period - Snap shot by Eetu Luostarinen.
5:48 of 3rd period - Deflect By Jake Leschyshyn.
5:48 of 3rd period - Goal by Jake Leschyshyn - Checkers : 4 - Moose : 9.
5:49 of 3rd period - Jake Leschyshyn wins face-off versus Dylan Gambrell in neutral zone.
6:00 of 3rd period - Matthew Benning is hit by Andrei Svechnikov.
6:16 of 3rd period - Eetu Luostarinen is hit by Nick Abruzzese and loses puck.
7:33 of 3rd period - Icing by Patrick Brown.
7:34 of 3rd period - Jake Leschyshyn wins face-off versus Grigori Denisenko in Checkers zone.
7:35 of 3rd period - Snap shot by Josh Mahura.
7:35 of 3rd period - Stopped by Arvid Soderblom with a rebound.
7:37 of 3rd period - Snap shot by Nelson Nogier.
7:37 of 3rd period - Stopped by Arvid Soderblom without a rebound.
7:38 of 3rd period - Nick Abruzzese wins face-off versus Jake Leschyshyn in Checkers zone.
7:40 of 3rd period - Penalty to Vinni Lettieri is over, Vinni Lettieri is back on ice.
8:02 of 3rd period - Josh Mahura is hit by Mitchell Heard and loses puck.
8:21 of 3rd period - Slapshot by Nick Paul.
8:21 of 3rd period - Stopped by Arvid Soderblom with a rebound.
8:23 of 3rd period - Slapshot by Josh Mahura.
8:23 of 3rd period - Stopped by Arvid Soderblom without a rebound.
8:24 of 3rd period - Dylan Gambrell wins face-off versus Riley Damiani in Checkers zone.
8:24 of 3rd period - Dylan Gambrell is hit by Riley Damiani.
8:38 of 3rd period - Wrist shot by Axel Jonsson-Fjallby.
8:38 of 3rd period - Stopped by Arvid Soderblom with a rebound.
8:48 of 3rd period - Minor Penalty to Lukas Rousek for Interference.
8:49 of 3rd period - Dylan Gambrell wins face-off versus Jake Leschyshyn in Moose zone.
9:05 of 3rd period - Wrist shot by Dylan Gambrell.
9:05 of 3rd period - Shot Misses the Net.
10:48 of 3rd period - Penalty to Lukas Rousek is over, Lukas Rousek is back on ice.
10:53 of 3rd period - Snap shot by Aliaksei Protas.
10:53 of 3rd period - Shot Misses the Net.
12:03 of 3rd period - Juuso Parssinen is hit by Mitchell Heard.
12:11 of 3rd period - Aliaksei Protas is hit by Mitchell Heard and loses puck.
12:20 of 3rd period - Timothy Liljegren is hit by Josh Mahura and loses puck.
12:27 of 3rd period - Mitchell Heard is hit by Juuso Parssinen and loses puck.
12:38 of 3rd period - Adam Ginning is hit by Mitchell Heard and loses puck.
12:52 of 3rd period - Juuso Valimaki is hit by Mitchell Heard and loses puck.
13:07 of 3rd period - Icing by Joey Keane.
13:08 of 3rd period - Jaret Anderson-Dolan wins face-off versus Dylan Gambrell in Moose zone.
13:15 of 3rd period - Snap shot by Jaret Anderson-Dolan.
13:15 of 3rd period - Stopped by Arvid Soderblom with a rebound.
14:16 of 3rd period - Off-side.
14:17 of 3rd period - Dylan Gambrell wins face-off versus Mitchell Stephens in neutral zone.
14:29 of 3rd period - Off-side.
14:30 of 3rd period - Dylan Gambrell wins face-off versus Jake Leschyshyn in neutral zone.
15:20 of 3rd period - Jordan Harris is hit by Nick Paul and loses puck.
15:45 of 3rd period - Snap shot by Lukas Rousek.
15:45 of 3rd period - Shot Misses the Net.
15:47 of 3rd period - Snap shot by Matthew Benning.
15:47 of 3rd period - Shot Misses the Net.
16:06 of 3rd period - Slapshot by Michael Anderson.
16:06 of 3rd period - Stopped by Filip Gustavsson with a rebound.
16:34 of 3rd period - Wrist shot by Grigori Denisenko.
16:34 of 3rd period - Stopped by Filip Gustavsson with a rebound.
16:36 of 3rd period - Snap shot by Nick Abruzzese.
16:36 of 3rd period - Deflect By Austin Poganski.
16:36 of 3rd period - Shot Blocked by Josh Mahura.
16:36 of 3rd period - Puck is out of play.
16:37 of 3rd period - Jake Leschyshyn wins face-off versus Dylan Gambrell in Moose zone.
16:46 of 3rd period - Wrist shot by Dylan Gambrell.
16:46 of 3rd period - Shot Misses the Net.
17:02 of 3rd period - Eetu Luostarinen is hit by Timothy Liljegren and loses puck.
17:33 of 3rd period - Wrist shot by Jake Leschyshyn.
17:33 of 3rd period - Shot Misses the Net.
17:35 of 3rd period - Snap shot by Jake Leschyshyn.
17:35 of 3rd period - Stopped by Arvid Soderblom without a rebound.
17:36 of 3rd period - Dylan Gambrell wins face-off versus Mitchell Stephens in Checkers zone.
17:43 of 3rd period - Snap shot by Dylan Gambrell.
17:43 of 3rd period - Stopped by Filip Gustavsson with a rebound.
18:22 of 3rd period - Slapshot by Aliaksei Protas.
18:22 of 3rd period - Goal by Aliaksei Protas - Checkers : 4 - Moose : 10.
18:23 of 3rd period - Patrick Brown wins face-off versus Mitchell Stephens in neutral zone.
18:32 of 3rd period - Snap shot by Dylan Gambrell.
18:32 of 3rd period - Stopped by Filip Gustavsson with a rebound.
18:48 of 3rd period - Matthew Benning is hit by Austin Poganski and loses puck.
19:09 of 3rd period - Kieffer Bellows is hit by Jaret Anderson-Dolan and loses puck.
19:16 of 3rd period - Juuso Parssinen is hit by Kieffer Bellows and loses puck.
19:39 of 3rd period - Wrist shot by Roberts Lipsbergs.
19:39 of 3rd period - Stopped by Filip Gustavsson without a rebound.
19:40 of 3rd period - Dylan Gambrell wins face-off versus Jake Leschyshyn in Moose zone.
19:54 of 3rd period - Minor Penalty to Andrei Svechnikov for Slashing.
19:55 of 3rd period - Jake Leschyshyn wins face-off versus Mitchell Heard in Checkers zone.
Goals for this period are 0 for Checkers vs 4 for Moose.
Shots for this period are 6 for Checkers vs 14 for Moose.